IL
FRESNO GRIZZLIES @ OMAHA STORM CHASERS
09/24/2045
 
TOP OF THE 1ST
Fresno Grizzlies batting - Pitching for Omaha Storm Chasers : RHP Nick Harmon
Pitching: RHP Nick Harmon
Batting: RHB Antonio Aranda 0-0: Ball
1-0: Ball
2-0: Ball
3-0: Called Strike
3-1: Foul Ball, location: 2F
3-2: Foul Ball, location: 2F
3-2: Base on Balls
Batting: SHB Nate Kopchak 0-0: Swinging Strike
0-1: Ball
1-1: Swinging Strike
1-2: Fielders Choice at 2nd, 3-6 (Groundball, 3, EV 81.9 MPH)
Batting: LHB Bob Myers 0-0: Called Strike
0-1: Called Strike
Nate Kopchak steals 2nd base
0-2: Strikes out looking
Batting: LHB Sean Trueblood 0-0: Ball
1-0: Fly out, F8 (Flyball, 8LD, EV 103.1 MPH)
Top of the 1st over - 0 runs, 0 hits, 0 errors, 1 left on base; Fresno 0 - Omaha 0
BOTTOM OF THE 1ST
Omaha Storm Chasers batting - Pitching for Fresno Grizzlies : RHP Chad Curry
Pitching: RHP Chad Curry
Batting: RHB Matt Belgard 0-0: Ball
1-0: Foul Ball, location: 2F
1-1: Swinging Strike
1-2: Ball
2-2: Strikes out swinging
Batting: RHB Nick Ogle 0-0: Called Strike
0-1: Ball
1-1: Fly out, F8 (Flyball, 8LD, EV 105.0 MPH)
Batting: LHB Roman Downey 0-0: Ball
1-0: Ball
2-0: Called Strike
2-1: Called Strike
2-2: Strikes out swinging
Bottom of the 1st over - 0 runs, 0 hits, 0 errors, 0 left on base; Fresno 0 - Omaha 0
TOP OF THE 2ND
Fresno Grizzlies batting - Pitching for Omaha Storm Chasers : RHP Nick Harmon
Batting: LHB Daniel Lopez 0-0: Called Strike
0-1: Foul Ball, location: 2F
0-2: Ball
1-2: Ground out 4-3 (Groundball, 4, EV 103.8 MPH)
Batting: RHB Jamie Jennings 0-0: Ball
1-0: Foul Ball, location: 2F
1-1: Ground out 5-3 (Groundball, 56, EV 78.1 MPH)
Batting: LHB Alex Alicea 0-0: Ball
1-0: Foul Ball, location: 2F
1-1: Ball
2-1: Ball
3-1: Base on Balls
Batting: RHB Raul Sanchez 0-0: Swinging Strike
0-1: Ball
1-1: Foul Ball, location: 2F
1-2: Foul Ball, location: 2F
1-2: Strikes out swinging
Top of the 2nd over - 0 runs, 0 hits, 0 errors, 1 left on base; Fresno 0 - Omaha 0
BOTTOM OF THE 2ND
Omaha Storm Chasers batting - Pitching for Fresno Grizzlies : RHP Chad Curry
Batting: RHB Muneer Maudad 0-0: Foul Ball, location: 2F
0-1: Foul Ball, location: 2F
0-2: Ball
1-2: Strikes out looking
Batting: RHB Bob Najar 0-0: Ball
1-0: Ground out 3-1 (Groundball, 34S, EV 94.4 MPH)
Batting: LHB Pete Hansel 0-0: Called Strike
0-1: Hit by Pitch
Batting: RHB Walt Cogswell 0-0: Ball
Pete Hansel steals 2nd base
1-0: Called Strike
1-1: Ground out 6-3 (Groundball, 6, EV 85.0 MPH)
Bottom of the 2nd over - 0 runs, 0 hits, 0 errors, 1 left on base; Fresno 0 - Omaha 0
TOP OF THE 3RD
Fresno Grizzlies batting - Pitching for Omaha Storm Chasers : RHP Nick Harmon
Batting: SHB Salvador Gomez 0-0: Ball
1-0: Foul Ball, location: 2F
1-1: Ball
2-1: Called Strike
2-2: Ground out 5-3 (Groundball, 56, EV 101.2 MPH)
Batting: RHB Antonio Aranda 0-0: Ball
1-0: Called Strike
1-1: Ball
2-1: Ball
3-1: Base on Balls
Batting: SHB Nate Kopchak 0-0: Called Strike
0-1: Ball
1-1: Called Strike
1-2: Strikes out looking
Batting: LHB Bob Myers 0-0: Foul Ball, location: 2F
0-1: Ball
1-1: Ball
2-1: Ground out 5-3 (Groundball, 56S, EV 83.1 MPH)
Top of the 3rd over - 0 runs, 0 hits, 0 errors, 1 left on base; Fresno 0 - Omaha 0
BOTTOM OF THE 3RD
Omaha Storm Chasers batting - Pitching for Fresno Grizzlies : RHP Chad Curry
Batting: LHB Jim Beaver 0-0: Ball
1-0: Foul Ball, location: 2F
1-1: Ball
2-1: Ball
3-1: Called Strike
3-2: Ground out U3 (Groundball, 3, EV 105.0 MPH)
Batting: RHB Joeri Plas 0-0: Ball
1-0: Foul Ball, location: 2F
1-1: Ball
2-1: Ball
3-1: SINGLE (Groundball, 34S, EV 63.1 MPH) (infield hit)
Batting: RHB Matt Belgard 0-0: Ball
1-0: Ball
2-0: Ball
3-0: Base on Balls
Joeri Plas to second
Batting: RHB Nick Ogle 0-0: Ball
1-0: Ball
2-0: Ball
3-0: Base on Balls
Joeri Plas to third
Matt Belgard to second
Batting: LHB Roman Downey 0-0: Ball
1-0: Ball
2-0: Ball
3-0: Base on Balls
Joeri Plas scores
Matt Belgard to third
Nick Ogle to second
Batting: RHB Muneer Maudad 0-0: Ball
1-0: Swinging Strike
1-1: Foul Ball, location: 2F
1-2: Ball
2-2: Strikes out swinging
Batting: RHB Bob Najar 0-0: Fly out, F7 (Flyball, 7LM, EV 86.9 MPH)
Bottom of the 3rd over - 1 run, 1 hit, 0 errors, 3 left on base; Fresno 0 - Omaha 1
TOP OF THE 4TH
Fresno Grizzlies batting - Pitching for Omaha Storm Chasers : RHP Nick Harmon
Batting: LHB Sean Trueblood 0-0: Called Strike
0-1: Ball
1-1: Foul Ball, location: 2F
1-2: Strikes out looking
Batting: LHB Daniel Lopez 0-0: DOUBLE (Flyball, 78D, EV 89.4 MPH)
Batting: RHB Jamie Jennings 0-0: Ball
1-0: Ball
2-0: Ground out 6-3 (Groundball, 6M, EV 95.6 MPH)
Daniel Lopez to third
Batting: LHB Alex Alicea 0-0: Ball
1-0: Ball
2-0: Called Strike
2-1: Ball
3-1: Foul Ball, location: 2F
3-2: Base on Balls
Batting: RHB Raul Sanchez 0-0: Fielders Choice at 2nd, 6-4 (Groundball, 6, EV 78.1 MPH)
Top of the 4th over - 0 runs, 1 hit, 0 errors, 2 left on base; Fresno 0 - Omaha 1
BOTTOM OF THE 4TH
Omaha Storm Chasers batting - Pitching for Fresno Grizzlies : RHP Chad Curry
Batting: LHB Pete Hansel 0-0: Foul Ball, location: 2F
0-1: Ball
1-1: Ground out 4-3 (Groundball, 4, EV 86.9 MPH)
Batting: RHB Walt Cogswell 0-0: Ball
1-0: Called Strike
1-1: Ball
2-1: SINGLE (Groundball, 6MD, EV 108.1 MPH)
Batting: LHB Jim Beaver 0-0: Ball
1-0: Fly out, F8 (Flyball, 89XD, EV 89.4 MPH)
Batting: RHB Joeri Plas 0-0: Ball
1-0: Called Strike
1-1: SINGLE (Groundball, 56S, EV 71.9 MPH) (infield hit)
Walt Cogswell to second
Batting: RHB Matt Belgard 0-0: Ball
1-0: Ball
2-0: Ball
3-0: Called Strike
3-1: Foul Ball, location: 2F
3-2: Ground out 6-3 (Groundball, 6, EV 107.5 MPH)
Bottom of the 4th over - 0 runs, 2 hits, 0 errors, 2 left on base; Fresno 0 - Omaha 1
TOP OF THE 5TH
Fresno Grizzlies batting - Pitching for Omaha Storm Chasers : RHP Nick Harmon
Batting: SHB Salvador Gomez 0-0: Called Strike
0-1: Ball
1-1: Ball
2-1: Ball
3-1: Base on Balls
Batting: RHB Antonio Aranda 0-0: Ball
1-0: Foul Ball, location: 2F
1-1: Ball
2-1: Swinging Strike
2-2: Strikes out swinging
Batting: SHB Nate Kopchak 0-0: Foul Ball, location: 2F
0-1: Ground out 5-3 (Groundball, 5S, EV 81.9 MPH)
Salvador Gomez to second
Batting: LHB Bob Myers 0-0: Ball
1-0: Ball
2-0: Foul Ball, location: 2F
2-1: Ball
3-1: Foul Ball, location: 2F
3-2: SINGLE (Line Drive, 4MD, EV 98.8 MPH)
Salvador Gomez to third
Batting: LHB Sean Trueblood 0-0: Ball
1-0: Called Strike
Pickoff Throw by Catcher to First - Out!
Top of the 5th over - 0 runs, 1 hit, 0 errors, 1 left on base; Fresno 0 - Omaha 1
BOTTOM OF THE 5TH
Omaha Storm Chasers batting - Pitching for Fresno Grizzlies : RHP Chad Curry
Batting: RHB Nick Ogle 0-0: Foul Ball, location: 2F
0-1: Called Strike
0-2: Foul Ball, location: 2F
0-2: SINGLE (Groundball, 56D, EV 96.2 MPH)
Batting: LHB Roman Downey 0-0: Ball
1-0: Ball
2-0: Foul Ball, location: 2F
2-1: Ball
3-1: Foul Ball, location: 2F
3-2: Foul Ball, location: 2F
3-2: SINGLE (Groundball, 4M, EV 94.4 MPH)
Nick Ogle to second
Batting: RHB Muneer Maudad 0-0: Called Strike
0-1: Foul Ball, location: 2F
0-2: Reached on error, E3 (Groundball, 34S, EV 68.8 MPH)
Nick Ogle to third
Roman Downey to second
Batting: RHB Bob Najar 0-0: Ball
1-0: Ball
2-0: Foul Ball, location: 2F
2-1: Fly out, F8 (Flyball, 8RD, EV 90.0 MPH)
Runner from 3rd tags up, OUT at HOME! 8-2
Roman Downey to third
Muneer Maudad to second
Batting: LHB Pete Hansel 0-0: Ball
1-0: Ball
2-0: Called Strike
2-1: Ball
3-1: Base on Balls
Batting: RHB Walt Cogswell 0-0: Ball
1-0: Ball
2-0: SINGLE (Line Drive, 78S, EV 107.5 MPH)
Roman Downey scores
Muneer Maudad to third
Pete Hansel to second
Runner from 3rd tries for Home, SAFE, throw by CF to home
Batting: LHB Jim Beaver 0-0: Ball
1-0: Fly out, F8 (Flyball, 89S, EV 76.2 MPH)
Bottom of the 5th over - 2 runs, 3 hits, 1 error, 2 left on base; Fresno 0 - Omaha 3
TOP OF THE 6TH
Fresno Grizzlies batting - Pitching for Omaha Storm Chasers : RHP Nick Harmon
Batting: LHB Sean Trueblood 0-0: Called Strike
0-1: Foul Ball, location: 2F
0-2: SINGLE (Groundball, 4MD, EV 94.4 MPH)
Batting: LHB Daniel Lopez 0-0: SINGLE (Flyball, 5D, EV 92.5 MPH)
Sean Trueblood to second
Batting: RHB Jamie Jennings 0-0: Called Strike
0-1: Ball
1-1: Foul Ball, location: 2F
1-2: Ball
2-2: 3-RUN HOME RUN (Flyball, 7LD, EV 93.8 MPH), Distance : 348 ft
Batting: LHB Alex Alicea 0-0: Called Strike
0-1: Swinging Strike
0-2: Strikes out swinging
Batting: RHB Raul Sanchez 0-0: Ball
1-0: Swinging Strike
1-1: Ball
2-1: Ball
3-1: Foul Ball, location: 2F
3-2: Foul Ball, location: 2F
3-2: Foul Ball, location: 2F
3-2: SINGLE (Groundball, 6MD, EV 100.6 MPH)
Pitching: RHP Antonio Santos
Batting: SHB Salvador Gomez 0-0: Foul Ball, location: 2F
0-1: Ball
1-1: Fielders Choice at 2nd, 4-6 (Groundball, 4, EV 86.9 MPH)
Batting: RHB Antonio Aranda 0-0: Called Strike
0-1: Fielders Choice at 2nd, 6-4 (Groundball, 56, EV 109.4 MPH)
Top of the 6th over - 3 runs, 4 hits, 0 errors, 1 left on base; Fresno 3 - Omaha 3
BOTTOM OF THE 6TH
Omaha Storm Chasers batting - Pitching for Fresno Grizzlies : RHP Chad Curry
Pitching: RHP Joe Rivin
Batting: RHB Joeri Plas 0-0: Called Strike
0-1: Ball
1-1: Called Strike
1-2: Strikes out swinging
Pinch Hitting: LHB Danny Bailey 0-0: Ball
1-0: Foul Ball, location: 2F
1-1: Called Strike
1-2: Foul Ball, location: 2F
1-2: Ball
2-2: Strikes out swinging
Batting: RHB Nick Ogle 0-0: Ball
1-0: SOLO HOME RUN (Flyball, 7LD, EV 91.2 MPH), Distance : 354 ft
Batting: LHB Roman Downey 0-0: Ball
1-0: Ground out 4-3 (Groundball, 34D, EV 103.8 MPH)
Bottom of the 6th over - 1 run, 1 hit, 0 errors, 0 left on base; Fresno 3 - Omaha 4
TOP OF THE 7TH
Fresno Grizzlies batting - Pitching for Omaha Storm Chasers : RHP Antonio Santos
Now at 2B: Walt Cogswell
Now at SS: Jerry Castillo
Batting: SHB Nate Kopchak 0-0: Ball
1-0: Ball
2-0: Ball
3-0: Base on Balls
Batting: LHB Bob Myers 0-0: Called Strike
Nate Kopchak steals 2nd base
0-1: Called Strike
0-2: Strikes out swinging
Batting: LHB Sean Trueblood 0-0: Called Strike
0-1: Swinging Strike
0-2: Ball
1-2: Foul Ball, location: 2F
1-2: Ball
2-2: Foul Ball, location: 2F
2-2: Ground out U3 (Groundball, 23, EV 87.5 MPH)
Nate Kopchak to third
Batting: LHB Daniel Lopez 0-0: Swinging Strike
0-1: Ball
1-1: Called Strike
1-2: Strikes out swinging
Top of the 7th over - 0 runs, 0 hits, 0 errors, 1 left on base; Fresno 3 - Omaha 4
BOTTOM OF THE 7TH
Omaha Storm Chasers batting - Pitching for Fresno Grizzlies : RHP Joe Rivin
Batting: RHB Muneer Maudad 0-0: Ball
1-0: Ball
2-0: Ball
3-0: Base on Balls
Batting: RHB Bob Najar 0-0: Ball
1-0: Called Strike
1-1: Foul Ball, location: 2F
1-2: Foul Ball, location: 2F
1-2: Ball
2-2: Ball
3-2: Base on Balls
Muneer Maudad to second
Batting: LHB Pete Hansel 0-0: Called Strike
0-1: Foul Ball, location: 2F
0-2: Strikes out swinging
Batting: RHB Walt Cogswell 0-0: Ball
1-0: Called Strike
1-1: Ball
2-1: Called Strike
2-2: Ball
3-2: Fly out, F9 (Flyball, 89S, EV 73.8 MPH)
Batting: LHB Jim Beaver 0-0: Called Strike
0-1: Ball
1-1: Fly out, F8 (Flyball, 8RXD, EV 86.9 MPH)
Bottom of the 7th over - 0 runs, 0 hits, 0 errors, 2 left on base; Fresno 3 - Omaha 4
TOP OF THE 8TH
Fresno Grizzlies batting - Pitching for Omaha Storm Chasers : RHP Antonio Santos
Batting: RHB Jamie Jennings 0-0: Ground out 4-3 (Groundball, 4, EV 106.2 MPH)
Batting: LHB Alex Alicea 0-0: Ball
1-0: Ball
2-0: Foul Ball, location: 2F
2-1: Fly out, F5 (Flyball, 56D, EV 91.9 MPH)
Batting: RHB Raul Sanchez 0-0: Ball
1-0: Ball
2-0: Ball
3-0: Called Strike
3-1: Ground out 4-3 (Groundball, 34, EV 88.8 MPH)
Top of the 8th over - 0 runs, 0 hits, 0 errors, 0 left on base; Fresno 3 - Omaha 4
BOTTOM OF THE 8TH
Omaha Storm Chasers batting - Pitching for Fresno Grizzlies : RHP Joe Rivin
Pitching: LHP Chad Dominey
Batting: RHB Joeri Plas 0-0: Foul Ball, location: 2F
0-1: Ball
1-1: Ball
2-1: Foul Ball, location: 2F
2-2: Ball
3-2: Fly out, F8 (Flyball, 78M, EV 91.2 MPH)
Batting: RHB Jerry Castillo 0-0: Foul Ball, location: 2F
0-1: Foul Ball, location: 2F
0-2: Ball
1-2: Fly out, F8 (Flyball, 8LD, EV 107.5 MPH)
Batting: RHB Nick Ogle 0-0: Foul Ball, location: 2F
0-1: Ball
1-1: Foul Ball, location: 2F
1-2: Strikes out swinging
Bottom of the 8th over - 0 runs, 0 hits, 0 errors, 0 left on base; Fresno 3 - Omaha 4
TOP OF THE 9TH
Fresno Grizzlies batting - Pitching for Omaha Storm Chasers : RHP Antonio Santos
Batting: SHB Salvador Gomez 0-0: Ball
1-0: Called Strike
1-1: Ball
2-1: Foul Ball, location: 2F
2-2: Strikes out swinging
Batting: RHB Antonio Aranda 0-0: Ball
1-0: Ball
2-0: Called Strike
2-1: Foul Ball, location: 2F
2-2: Fly out, F4 (Popup, 4MS, EV 66.9 MPH)
Batting: SHB Nate Kopchak 0-0: Ball
1-0: Ball
2-0: Ball
3-0: Ground out 6-3 (Groundball, 6M, EV 86.2 MPH)
Top of the 9th over - 0 runs, 0 hits, 0 errors, 0 left on base; Fresno 3 - Omaha 4
Wednesday, June 22nd , 2022 - OOTP Baseball 23.4 Build 64